 Dungeon Crawl Stone Soup version 0.27.1-1-g398f81649c (webtiles) character file.

Game seed: 16461930264845736351

53 funkygono the Firebug (level 3, -2/19 HPs)
             Began as a Gargoyle Fire Elementalist on Sept 14, 2021.
             Slain by Terence (3 damage)
             ... on level 2 of the Dungeon.
             The game lasted 00:02:50 (1555 turns).

funkygono the Firebug (Gargoyle Fire Elementalist)  Turns: 1555, Time: 00:02:51

Health: -2/19      AC:  5    Str: 11    XL:     3   Next: 89%
Magic:  2/6        EV: 11    Int: 16    God:
Gold:   38         SH:  0    Dex: 10    Spells: 2/6 levels left

rFire    . . .     SeeInvis .   d - +0 whip
rCold    . . .     Faith    .   (no shield)
rNeg     + . .     Spirit   .   a - +0 robe
rPois    ∞         Reflect  .   (no helmet)
rElec    +         Harm     .   (no cloak)
rCorr    .         Rampage  .   (no gloves)
Will     .....                  (no boots)
Stlth    ++........             (no amulet)
HPRegen  0.06/turn              (no ring)
MPRegen  0.10/turn              (no ring)

@: brilliant
A: sickness immunity, AC +3, negative energy resistance 1, electricity
resistance, torment resistance 1, petrification resistance
a: no special abilities


You were on level 2 of the Dungeon.
You visited 1 branch of the dungeon, and saw 2 of its levels.

You collected 38 gold pieces.

Inventory:

Hand Weapons
 d - a +0 whip (weapon)
Missiles
 c - 47 stones
Armour
 a - a +0 robe (worn)
Scrolls
 b - a scroll of amnesia
 h - a scroll of acquirement {unknown}
 i - a scroll of vulnerability {unknown}
Potions
 e - a potion of brilliance
 f - a potion of curing {unknown}
 g - a potion of flight {unknown}


   Skills:
 + Level 0.1 Fighting
 + Level 1.5 Dodging
 - Level 2.1 Stealth
 * Level 2.4 Spellcasting
 * Level 1.5 Conjurations
 * Level 4.2 Fire Magic


You had 2 spell levels left.
You knew the following spells:

 Your Spells              Type           Power      Damage    Failure   Level
a - Foxfire               Conj/Fire      64%        2x1d7     6%          1
b - Conjure Flame         Conj/Fire      16%        6-21      19%         3

Your spell library contained the following spells:

 Spells                   Type           Power      Damage    Failure   Level
 Inner Flame              Hex/Fire       13%        N/A       26%         3
 Sticky Flame             Conj/Fire      16%        2d4       52%         4
 Fireball                 Conj/Fire      8%         3d6       86%         5


Dungeon Overview and Level Annotations

Branches:
Dungeon (2/15)

Altars:

Annotations:
D:2 Terence


Innate Abilities, Weirdness & Mutations

You are immune to sickness and miasma.
Your stone body is resilient. (AC +3)
You are immune to poison.
You resist negative energy. (rN+)
You are resistant to electric shocks. (rElec)
You are resistant to unholy torment.
You are immune to petrification.


Message History

You conjure some foxfire!
Terence screams, "I'm going to kill you!"
Terence hits you with a +0 short sword.
Casting: Foxfire (safe; 6% risk of failure)
Confirm with . or Enter, or press ? or * to list all spells.
You miscast Foxfire.
You are very lightly contaminated with residual magic.
Nothing appears to happen.
The foxfire hits Terence.
Terence is heavily wounded.
The foxfire hits Terence.
Terence is heavily wounded.
Terence barely misses you.
Casting: Foxfire (safe; 6% risk of failure)
Confirm with . or Enter, or press ? or * to list all spells.
You conjure some foxfire!
Terence hits you with a +0 short sword.
Unknown command.
Casting: Foxfire (safe; 6% risk of failure)
Confirm with . or Enter, or press ? or * to list all spells.
You conjure some foxfire!
The foxfire hits Terence.
Terence is severely wounded.
The foxfire hits Terence but does no damage.
Terence is severely wounded.
Terence hits you with a +0 short sword.
* * * LOW HITPOINT WARNING * * *
The foxfire hits Terence but does no damage.
Terence is severely wounded.
The foxfire hits Terence but does no damage.
Terence is severely wounded.
Terence looks scornfully at you.
Casting: Foxfire (safe; 6% risk of failure)
Confirm with . or Enter, or press ? or * to list all spells.
You conjure some foxfire!
Terence hits you but does no damage.
Your magical contamination has completely faded away.
Your foxfire dissipates!
The foxfire hits Terence but does no damage.
Terence is severely wounded.
It was a potion of brilliance.
You feel clever all of a sudden. Terence hits you with a +0 short sword.
You die...

#........###....#### #....(...#
##......# ... #........#
###.##.# .... # #........#
#.##.#..... ..#
#..).....######÷...÷......
#...##........#.....#..........
#...##.†####.................
.##.<.).###.............####.
###.........@.....##÷.#...
#.........#....@....##....##
#....#.#.#...........##.....
#.###....###.........##..##.
### # #...............)#..# ..
....................#######.
##...........................
#.).####..........<.......##
#..............[...##


You could see Terence.

Vanquished Creatures
  An adder (D:2)
  A dart slug (D:2)
  7 bats
  2 endoplasms
  2 giant cockroaches (D:1)
  2 goblins (D:1)
  5 hobgoblins
  3 quokkas
  2 ball pythons
  3 frilled lizards
  8 kobolds
  5 rats
41 creatures vanquished.

Vanquished Creatures (others)
  108 foxfires
108 creatures vanquished.

Grand Total: 149 creatures vanquished

Notes
Turn   | Place    | Note
-------+----------+-------------------------------------------
     0 | D:1      | funkygono the Gargoyle Fire Elementalist began the quest
                  | for the Orb.
     0 | D:1      | Reached XP level 1. HP: 10/10 MP: 3/3
   239 | D:1      | Reached XP level 2. HP: 15/15 MP: 0/5
   902 | D:1      | Reached XP level 3. HP: 19/19 MP: 1/6
   906 | D:1      | Learned a level 3 spell: Conjure Flame
  1248 | D:2      | Reached skill level 4 in Fire Magic
  1482 | D:2      | Noticed Terence
  1555 | D:2      | Slain by Terence

Illustrated notes

Levels and vault maps discovered:
D:1:      erik_arrival_cave_to_civilisation [erik_arrival_cave_to_hall],
          layout_basic, hex_large
D:2:      layout_rooms, uniq_terence

Skill      XL: |  1  2  3 |
---------------+----------+-----
Fire Magic     | 4 |  4.2
Fighting       | |  0.1
Dodging        | |  1.5
Stealth        | |  2.1
Spellcasting   | |  2.4
Conjurations   | |  1.5

Action                   || total
-------------------------++-------
 Cast: Foxfire           ||    65
  Use: Scroll            ||     2
       Potion            ||     1
Armor: Robe              ||     2
Dodge: Dodged            ||     7
